Map: Dusk Towers

Players

Jonic

  • Race: Protoss Protoss
  • League: Master

Devo - Winner!

  • Race: Zerg Zerg
  • League: Master

VOD

Have the link to the VOD?

Description

Time

  • Played on: Nov. 29, 2015, 9:52 a.m.
  • Length: 8:18
Show
View Real Time Build Order
Export as new Build Order

Jonic Protoss 

Build Orders: Nexus First 

Get SALT Encoding   

  12  0:01  Probe (Chrono Boost)  
  13  0:11  Probe (Chrono Boost)  
  14  0:19  Pylon  
  14  0:22  Probe (Chrono Boost)  
  15  0:37  Probe (Chrono Boost)  
  16  0:48  Probe (Chrono Boost)  
  17  1:01  Nexus  
  17  1:11  Gateway  
  17  1:15  Probe (Chrono Boost)  
  18  1:21  Assimilator  
  18  1:25  Probe (Chrono Boost)  
  19  1:36  Probe (Chrono Boost)  
  19  1:39  Gateway  
  20  1:46  Probe (Chrono Boost)  
  21  1:47  Assimilator  
  21  1:57  Probe (Chrono Boost)  
  21  2:00  Cybernetics Core  
  22  2:07  Probe (Chrono Boost)  
  24  2:15  Probe (Chrono Boost)  
  24  2:18  Probe (Chrono Boost)  
  25  2:26  Probe (Chrono Boost)  
  25  2:28  Probe (Chrono Boost)  
  27  2:36  Probe (Chrono Boost), Adept x2 (Chrono Boost)  
  32  2:38  Warp Gate  
  32  2:39  Probe  
  33  2:48  Probe, Pylon  
  34  2:51  Probe  
  35  3:00  Probe  
  35  3:01  Sentry (Chrono Boost)  
  38  3:06  Probe  
  38  3:07  Sentry (Chrono Boost)  
  42  3:12  Probe  
  42  3:15  Robotics Facility  
  42  3:18  Probe  
  43  3:25  Probe (Chrono Boost), Pylon  
  44  3:30  Probe (Chrono Boost)  
  45  3:38  Probe (Chrono Boost)  
  45  3:39  Assimilator  
  46  3:44  Mothership Core (Chrono Boost), Assimilator  
  48  3:49  Probe (Chrono Boost)  
  49  3:56  Pylon  
  49  3:58  Pylon  
  49  3:59  Probe (Chrono Boost)  
  49  4:02  Probe (Chrono Boost)  
  51  4:09  Probe  
  51  4:10  Robotics Bay  
  51  4:14  Probe  
  53  4:19  Probe  
  54  4:25  Gateway  
  54  4:26  Gateway  
  54  4:27  Probe  
  54  4:29  Observer (Chrono Boost)  
  54  4:30  Forge  
  56  4:31  Probe  
  57  4:44  Nexus  
  57  4:46  Adept x2, Pylon  
  61  4:55  Warp Prism (Chrono Boost)  
  61  4:56  Probe  
  61  4:57  Probe, Gravitic Drive (Chrono Boost)  
  65  5:02  Protoss Ground Weapons Level 1 (Chrono Boost)  
  65  5:07  Probe  
  65  5:09  Pylon  
  65  5:10  Probe  
  67  5:17  Probe  
  68  5:22  Probe  
  68  5:28  Probe  
  69  5:29  Stalker  
  69  5:30  Stalker x2  
  69  5:31  Disruptor (Chrono Boost)  
  69  5:34  Probe  
  80  5:38  Probe  
  80  5:40  Pylon  
  81  5:43  Pylon  
  81  5:46  Probe  
  81  5:49  Probe  
  82  5:54  Probe, Twilight Council  
  84  5:58  Probe  
  84  5:59  Probe  
  84  6:02  Immortal (Chrono Boost)  
  90  6:11  Sentry, Assimilator  
  91  6:12  Sentry  
  91  6:16  Stalker, Assimilator  
  91  6:17  Pylon  
  96  6:21  Probe  
  96  6:22  Gateway  
  96  6:24  Gateway  
  97  6:36  Immortal (Chrono Boost)  
  101  6:47  Stalker x4  
  101  6:51  Pylon  
  109  6:54  Pylon  
  109  6:59  Probe  
  109  7:01  Probe x2  
  112  7:03  Pylon  
  112  7:13  Probe x2  
  114  7:21  Stalker x4  
  126  7:28  Gateway  
  126  7:29  Gateway  
  121  7:33  Disruptor (Chrono Boost)  
  124  7:40  Robotics Facility  
  124  7:43  Dark Shrine  
  124  7:46  Stalker x2  
  124  7:47  Stalker x2  
  132  7:57  Photon Cannon  
  129  7:59  Photon Cannon  
  126  8:05  Stalker  
  126  8:06  Stalker  
  126  8:12  Pylon  
Show
View Real Time Build Order
Export as new Build Order

Devo Zerg - Winner!

Build Orders: Hatch First 

Get SALT Encoding   

  12  0:00  Drone  
  13  0:08  Drone  
  14  0:17  Overlord  
  14  0:24  Drone, Extractor  
  15  0:35  Drone x2  
  17  0:44  Drone  
  18  0:57  Hatchery  
  18  1:00  Drone  
  18  1:17  Spawning Pool  
  17  1:36  Hatchery  
  16  1:41  Drone  
  16  1:43  Drone  
  16  1:46  Drone  
  19  1:53  Drone  
  20  2:04  Queen  
  22  2:09  Queen  
  22  2:12  Zergling x2  
  25  2:17  Overlord  
  25  2:21  Drone  
  26  2:23  Drone  
  26  2:26  Drone  
  28  2:35  Overlord  
  28  2:38  Zergling x2  
  28  2:42  Drone  
  30  2:45  Drone  
  30  2:49  Drone  
  30  2:51  Queen  
  32  2:52  Drone  
  35  3:01  Drone x2  
  35  3:05  Drone  
  38  3:06  Extractor  
  38  3:08  Drone, Extractor  
  38  3:09  Queen  
  39  3:15  Drone x4  
  43  3:21  Zergling x6  
  44  3:38  Zergling x2  
  44  3:39  Zergling x2  
  46  3:48  Drone  
  46  3:49  Drone x2  
  49  3:56  Overlord  
  49  4:00  Metabolic Boost  
  49  4:03  Extractor x2  
  49  4:06  Drone x2  
  49  4:10  Overlord x2  
  49  4:15  Drone x8  
  57  4:25  Overlord  
  57  4:30  Drone x7  
  64  4:33  Roach Warren  
  63  4:40  Lair, Drone  
  63  4:41  Drone  
  63  4:43  Overlord  
  65  4:52  Evolution Chamber x2  
  63  4:53  Drone x3  
  66  5:00  Drone x5  
  66  5:05  Extractor x2  
  69  5:07  Drone x4  
  69  5:13  Drone x2  
  75  5:30  Zerg Melee Weapons Level 1  
  75  5:31  Zerg Ground Armor Level 1  
  75  5:33  Roach x7  
  89  5:39  Glial Reconstitution  
  89  5:40  Overlord, Spire  
  88  5:56  Spore Crawler  
  87  6:00  Overseer  
  87  6:03  Zergling x4  
  89  6:04  Overlord x4  
  89  6:06  Overseer  
  89  6:16  Hatchery  
  89  6:18  Drone, Hydralisk Den  
  89  6:22  Drone x4  
  92  6:48  Lurker Den  
  92  6:56  Mutalisk x10  
  92  7:00  Zergling x18  
  121  7:02  Overlord x3  
  121  7:23  Extractor  
  121  7:24  Extractor  
  121  7:25  Infestation Pit, Hydralisk  
  121  7:26  Hydralisk x6  
  132  7:31  Drone  
  132  7:32  Drone x4  
  132  7:34  Drone  
  138  7:39  Zergling x6  
  141  7:47  Roach  
Tags
 
Add a new tag
Caveats
  • Supply blocks, unpowered buildings, or Contaminate may cause inaccurate times.
  • Supply counts are checked every 10 seconds.